[Event "Athens of East Open 2019"]
[Site "Madurai"]
[Date "2019.08.11"]
[Round "5.4"]
[White "Anupam M Sreekumar"]
[Black "Hiridik Rajendran"]
[Result "1/2-1/2"]
[ECO "A04"]
[WhiteElo "1245"]
[BlackElo "1565"]
[Annotator "NA"]
[PlyCount "126"]
[EventDate "2019.08.10"]
[EventType "swiss"]
[EventCountry "IND"]
[SourceTitle "playchess.com"]
[Source "ChessBase"]
[SourceQuality "1"]
[TimeControl "3600+30"]

1. Nf3 c5 2. g3 g6 3. Bg2 Bg7 4. O-O Nf6 5. d3 O-O 6. Nbd2 Nc6 7. e4 d6 8. a4 Bg4 9. h3 Bd7 10. Nc4 Qc7 11. Ne3 Rad8 12. Kh2 Bc8 13. Qe2 Rfe8 14. c3 d5 15. exd5 Nxd5 16. Nxd5 Rxd5 17. Nd2 Rdd8 18. Nc4 Bf5 19. Be4 Qd7 20. Bxf5 Qxf5 21. Rd1 Ne5 22. Nxe5 Bxe5 23. Be3 Bf6 24. d4 cxd4 25. Bxd4 Bxd4 26. Rxd4 Rxd4 27. cxd4 Rc8 28. Rd1 Rc2 29. Rd2 Rc7 30. Qe5 Qd7 31. d5 Qd6 32. Qd4 b6 33. b4 Rd7 34. Qe4 f6 35. Re2 Kf8 36. Qh4 Kg7 37. Qe4 Kf8 38. Qh4 Kg7 39. Qe4 Kf8 40. Qh4 Kg8 41. Qe4 Kg7 42. Qc4 Kf7 43. Rd2 Qc7 44. Qe4 Rd6 45. Rc2 Qd7 46. Rc6 e6 47. Qc2 Qe7 48. dxe6+ Qxe6 49. Rc8 Kg7 50. Ra8 Qf7 51. Qe4 Rd7 52. Re8 Rc7 53. a5 bxa5 54. bxa5 Rd7 55. a6 Rc7 56. Rb8 Re7 57. Qb4 Rd7 58. Rb7 Rc7 59. Rxc7 Qxc7 60. Qb7 Qf7 61. Kg2 Kf8 62. Kf3 Qe7 63. Kg2 Kf7 1/2-1/2

[Event "Athens of East Open 2019"]
[Site "Madurai"]
[Date "2019.08.11"]
[Round "6.1"]
[White "Phani Kanuri"]
[Black "Ragesh Sarma.M"]
[Result "0-1"]
[ECO "B28"]
[WhiteElo "1471"]
[BlackElo "1583"]
[Annotator "NA"]
[PlyCount "66"]
[EventDate "2019.08.10"]
[EventType "swiss"]
[EventCountry "IND"]
[SourceTitle "playchess.com"]
[Source "ChessBase"]
[SourceQuality "1"]
[TimeControl "3600+30"]

1. e4 c5 2. Nf3 a6 3. g3 e6 4. d3 d6 5. Bg2 Be7 6. O-O Nf6 7. Nbd2 O-O 8. Re1 Nc6 9. c3 Qc7 10. Nf1 b5 11. h4 Bb7 12. Bg5 Rfe8 13. N1h2 Nd7 14. Bh3 Nb6 15. Bf4 Qd8 16. Qd2 d5 17. e5 d4 18. Rad1 Nd5 19. Ng5 Nxf4 20. Qxf4 Bxg5 21. hxg5 Qd5 22. Bg2 Qxa2 23. Rd2 dxc3 24. bxc3 Qa5 25. Rc1 Qc7 26. Ng4 Red8 27. Be4 Ne7 28. Bxb7 Qxb7 29. Nf6+ gxf6 30. gxf6 Nf5 31. g4 Kh8 32. gxf5 Rg8+ 33. Kf1 Qh1+ 0-1

[Event "Athens of East Open 2019"]
[Site "Madurai"]
[Date "2019.08.11"]
[Round "6.2"]
[White "Rajat Yadav"]
[Black "Adithya Ramesh"]
[Result "1/2-1/2"]
[ECO "D02"]
[WhiteElo "1455"]
[BlackElo "1579"]
[Annotator "NA"]
[PlyCount "98"]
[EventDate "2019.08.10"]
[EventType "swiss"]
[EventCountry "IND"]
[SourceTitle "playchess.com"]
[Source "ChessBase"]
[SourceQuality "1"]
[TimeControl "3600+30"]

1. Nf3 d5 2. d4 Nf6 3. Bf4 e6 4. e3 Bd6 5. Bg3 O-O 6. Bd3 b6 7. Nbd2 c5 8. c3 Bb7 9. O-O Bxg3 10. hxg3 Nbd7 11. Ne5 Nxe5 12. dxe5 Ne4 13. Qc2 Nxd2 14. Qxd2 Qg5 15. f4 Qe7 16. Qc2 g6 17. Rae1 Rfd8 18. Qf2 h5 19. g4 hxg4 20. Qg3 d4 21. cxd4 cxd4 22. e4 Kg7 23. Qxg4 Rh8 24. Kf2 Qh4+ 25. Qxh4 Rxh4 26. Kg3 Rhh8 27. Rc1 Rac8 28. Kg4 Rhd8 29. Kg5 Rh8 30. Rh1 Rxh1 31. Rxh1 Rc5 32. Kg4 Bc6 33. Rd1 Bb5 34. Bxb5 Rxb5 35. Rd2 Kf8 36. Kf3 Ke7 37. Ke2 g5 38. g3 f6 39. exf6+ Kxf6 40. Kd3 gxf4 41. gxf4 e5 42. fxe5+ Kxe5 43. Rf2 Rc5 44. Rf8 Rc1 45. Rf5+ Ke6 46. Kxd4 Rd1+ 47. Kc4 Rc1+ 48. Kb5 Rc2 49. b4 Rxa2 1/2-1/2

[Event "Athens of East Open 2019"]
[Site "Madurai"]
[Date "2019.08.11"]
[Round "6.3"]
[White "Prem, Anantha Rajan V."]
[Black "Sasikumar, Anusweud"]
[Result "0-1"]
[ECO "B00"]
[WhiteElo "1326"]
[BlackElo "1886"]
[Annotator "NA"]
[PlyCount "88"]
[EventDate "2019.08.10"]
[EventType "swiss"]
[EventCountry "IND"]
[SourceTitle "playchess.com"]
[Source "ChessBase"]
[SourceQuality "1"]
[TimeControl "3600+30"]

1. e4 Nc6 2. Nf3 e6 3. d4 d5 4. e5 Nb8 5. Bd3 c5 6. c3 cxd4 7. Nxd4 Nc6 8. f4 Bc5 9. Be3 Nxd4 10. cxd4 Bb4+ 11. Bd2 Bxd2+ 12. Nxd2 Qb6 13. Nb3 Ne7 14. Rc1 Bd7 15. Nc5 Bc6 16. Qd2 O-O 17. O-O Qd8 18. g4 b6 19. Nb3 f5 20. gxf5 exf5 21. Rf3 Rc8 22. Rg3 Ng6 23. Rg5 Bd7 24. Rf1 Rc6 25. Qg2 Qe7 26. Qxd5+ Kh8 27. Qf3 h6 28. Rh5 Qf7 29. d5 Rc7 30. e6 Bxe6 31. dxe6 Qxe6 32. Nd4 Qf7 33. Rxf5 Qd7 34. Rxf8+ Nxf8 35. Qe4 Rc8 36. Rd1 Qg4+ 37. Kf2 Qxd1 38. Bc2 Qd2+ 39. Kf3 Qxh2 40. Qf5 Qh1+ 41. Kg3 Qg1+ 42. Kf3 Re8 43. Ne6 Qf1+ 44. Kg3 Qe1+ 0-1

[Event "Athens of East Open 2019"]
[Site "Madurai"]
[Date "2019.08.11"]
[Round "6.4"]
[White "Mohammad Ismail Khadar"]
[Black "Abishek A"]
[Result "0-1"]
[ECO "D58"]
[WhiteElo "1480"]
[BlackElo "1693"]
[Annotator "NA"]
[PlyCount "70"]
[EventDate "2019.08.10"]
[EventType "swiss"]
[EventCountry "IND"]
[SourceTitle "playchess.com"]
[Source "ChessBase"]
[SourceQuality "1"]
[TimeControl "3600+30"]

1. d4 Nf6 2. c4 e6 3. Nc3 d5 4. Bg5 Be7 5. Nf3 O-O 6. e3 h6 7. Bh4 b6 8. Be2 Bb7 9. O-O Nbd7 10. Rc1 c5 11. a3 Rc8 12. dxc5 bxc5 13. b3 Nb6 14. Qc2 Nh5 15. Bxe7 Qxe7 16. Rfd1 Rfd8 17. a4 Nf6 18. Rd2 a6 19. Rcd1 Nbd7 20. cxd5 exd5 21. Nxd5 Nxd5 22. Rxd5 Bxd5 23. Rxd5 a5 24. g3 Nb6 25. Re5 Qc7 26. Ba6 Nd7 27. Re7 Qd6 28. Qe4 Qxa6 29. Qd5 Qf6 30. Rxd7 Rxd7 31. Qxd7 Qe6 32. Qb7 Qc6 33. Qxc6 Rxc6 34. Kf1 c4 35. Ne5 cxb3 0-1

[Event "Athens of East Open 2019"]
[Site "Madurai"]
[Date "2019.08.11"]
[Round "6.5"]
[White "Shreyas Seshadri Nallore"]
[Black "Ravi Chopra"]
[Result "1/2-1/2"]
[ECO "B30"]
[WhiteElo "1396"]
[BlackElo "1634"]
[Annotator "NA"]
[PlyCount "47"]
[EventDate "2019.08.10"]
[EventType "swiss"]
[EventCountry "IND"]
[SourceTitle "playchess.com"]
[Source "ChessBase"]
[SourceQuality "1"]
[TimeControl "3600+30"]

1. e4 c5 2. Nf3 Nc6 3. c3 d5 4. exd5 Qxd5 5. d4 cxd4 6. cxd4 e5 7. dxe5 Qxd1+ 8. Kxd1 Bg4 9. Be2 O-O-O+ 10. Bd2 Bxf3 11. Bxf3 Nxe5 12. Be2 Bb4 13. Kc2 Bxd2 14. Nxd2 Nf6 15. Rac1 Kb8 16. h3 Rd7 17. Nf3 Nxf3 18. Bxf3 Rc8+ 19. Kb1 Rxc1+ 20. Kxc1 Kc7 21. Kc2 Ne8 22. Rc1 Nd6 23. Kd3+ Kd8 24. Ke2 1/2-1/2

[Event "Athens of East Open 2019"]
[Site "Madurai"]
[Date "2019.08.12"]
[Round "7.1"]
[White "Ragesh Sarma.M"]
[Black "Sasikumar, Anusweud"]
[Result "1/2-1/2"]
[ECO "D11"]
[WhiteElo "1583"]
[BlackElo "1886"]
[Annotator "NA RC"]
[PlyCount "62"]
[EventDate "2019.08.10"]
[EventType "swiss"]
[EventCountry "IND"]
[SourceTitle "playchess.com"]
[Source "ChessBase"]
[SourceQuality "1"]
[TimeControl "3600+30"]

1. d4 d5 2. c4 c6 3. Nf3 Nf6 4. Bf4 g6 5. e3 Bg7 6. Nc3 O-O 7. Be2 Bg4 8. O-O {[%emt 0:01:23] D93: Grünfeld: 4 Nf3 Bg7 5 Bf4 0-0 6 e3} Nbd7 (8... Bxf3 9. Bxf3 dxc4 10. Qe2 Nd5 11. Bxb8 Rxb8 {½-½ (11) Wells,P (2419)-Arkell,K (2455) Cardiff 2016}) 9. cxd5 cxd5 10. Ne5 $146 ({Predecessor:} 10. h3 Bxf3 11. Bxf3 Nb6 12. b3 Rc8 13. Rc1 Qd7 14. Qe2 Rfd8 15. Rfd1 Rc6 {½-½ (45) Ungureanu,D (1303)-Ciobanu,S (1144) Baile Felix 2017}) 10... Bxe2 11. Nxe2 Nh5 12. Nxd7 Qxd7 13. Rc1 Nxf4 14. Nxf4 Rac8 15. Qd2 e6 16. Nd3 b6 17. h3 Qb5 18. Nf4 a5 19. Qe2 Qb4 20. Nd3 Qb5 21. Rc2 Qa6 22. Rfc1 $11 h6 23. Nf4 Qxe2 24. Nxe2 Rxc2 25. Rxc2 Rb8 26. a3 Bf8 27. Rc6 b5 28. Nc1 b4 29. a4 Ra8 30. Nb3 Be7 31. Nc5 Kg7 1/2-1/2

[Event "Athens of East Open 2019"]
[Site "Madurai"]
[Date "2019.08.12"]
[Round "7.2"]
[White "Abishek A"]
[Black "Kannan, Ritish"]
[Result "1/2-1/2"]
[ECO "E06"]
[WhiteElo "1693"]
[BlackElo "1647"]
[Annotator "NA"]
[PlyCount "124"]
[EventDate "2019.08.10"]
[EventType "swiss"]
[EventCountry "IND"]
[SourceTitle "playchess.com"]
[Source "ChessBase"]
[SourceQuality "1"]
[TimeControl "3600+30"]

1. d4 d5 2. Nf3 Nf6 3. c4 e6 4. g3 Be7 5. Bg2 O-O 6. O-O b6 7. Qc2 Bb7 8. Rd1 Nbd7 9. b3 Rc8 10. Bb2 c6 11. Nbd2 Qc7 12. e4 dxe4 13. Nxe4 Nxe4 14. Qxe4 c5 15. Qe2 cxd4 16. Nxd4 Bxg2 17. Nxe6 fxe6 18. Qxe6+ Rf7 19. Rxd7 Qc5 20. Bd4 Qc6 21. Rxe7 Qxe6 22. Rxe6 Bh3 23. Rd6 Re8 24. Be3 h6 25. b4 Bg4 26. c5 bxc5 27. bxc5 Bf3 28. Rb1 Rc8 29. a4 Rcc7 30. Kf1 Rb7 31. Rc1 Rfc7 32. c6 Rb8 33. Rd7 Rxc6 34. Rxc6 Bxc6 35. Rxa7 Bf3 36. Ke1 Rd8 37. Bd2 Re8+ 38. Kf1 Rb8 39. Rc7 Rb1+ 40. Rc1 Rxc1+ 41. Bxc1 Kf7 42. Ke1 Ke6 43. Kd2 Kd6 44. Kc3 h5 45. Kb4 Kc6 46. Kc4 Be4 47. a5 Kb7 48. Be3 g6 49. Kd4 Bb1 50. Ke5 Ka8 51. Kf6 Bc2 52. h3 Bb1 53. f3 Bc2 54. f4 Bb1 55. a6 Bd3 56. a7 Bb1 57. Kg5 Bc2 58. g4 hxg4 59. hxg4 Bb1 60. Kf6 Bc2 61. f5 Bxf5 62. gxf5 gxf5 1/2-1/2

[Event "Athens of East Open 2019"]
[Site "Madurai"]
[Date "2019.08.12"]
[Round "7.3"]
[White "Adithya Ramesh"]
[Black "Bala Ganeshan"]
[Result "1-0"]
[ECO "C58"]
[WhiteElo "1579"]
[BlackElo "1386"]
[Annotator "NA RC"]
[PlyCount "82"]
[EventDate "2019.08.10"]
[EventType "swiss"]
[EventCountry "IND"]
[SourceTitle "playchess.com"]
[Source "ChessBase"]
[SourceQuality "1"]
[TimeControl "3600+30"]

1. e4 e5 2. Nf3 Nc6 3. Bc4 Nf6 4. Ng5 d5 5. exd5 Na5 6. Bb5+ c6 7. dxc6 bxc6 8. Bd3 Bd7 9. Qf3 Be7 10. b4 Bxb4 11. O-O O-O 12. Nxh7 Nxh7 13. Bxh7+ Kxh7 14. Qe4+ f5 15. Qxb4 Rb8 16. Qc3 Rb5 17. Na3 Rd5 18. Nc4 Nxc4 19. Qxc4 Rd4 20. Qc5 Qf6 21. f4 Rxf4 22. Bb2 Qf7 23. Bxe5 Rc4 24. Qxa7 Qd5 25. Bc3 Rg4 26. Qf2 c5 27. Qf3 Qd6 28. Qd3 Qc7 29. Rf3 c4 30. Rh3+ Kg8 31. Qd5+ Rf7 32. Be5 Qa7+ 33. Kh1 Qa6 34. Rb1 Qe6 35. Rb8+ Rf8 36. Rxf8+ Kxf8 37. Rh8+ Kf7 38. Qc5 Re4 39. Qf8+ {Rg4 Qc5} Kg6 40. Qd6 {Re4 Qxe6+ Bxe6 Bg3} Re2 41. Rd8 c3 1-0

[Event "Athens of East Open 2019"]
[Site "Madurai"]
[Date "2019.08.12"]
[Round "7.4"]
[White "Sanil S"]
[Black "Hiridik Rajendran"]
[Result "0-1"]
[ECO "B27"]
[WhiteElo "1462"]
[BlackElo "1565"]
[Annotator "NA RC"]
[PlyCount "84"]
[EventDate "2019.08.10"]
[EventType "swiss"]
[EventCountry "IND"]
[SourceTitle "playchess.com"]
[Source "ChessBase"]
[SourceQuality "1"]
[TimeControl "3600+30"]

1. e4 c5 2. Nf3 g6 3. d4 Bg7 4. d5 d6 5. Bb5+ Bd7 6. Bxd7+ Nxd7 7. O-O b5 8. c3 Ngf6 9. Re1 O-O 10. Nbd2 Ng4 11. Nf1 Nge5 12. N3d2 c4 13. Nf3 Nxf3+ 14. Qxf3 Ne5 15. Qd1 Nd3 16. Re2 e5 17. b4 a5 18. Bd2 axb4 19. cxb4 Ra4 20. Ne3 Qd7 21. Nc2 f5 22. f3 f4 23. Qb1 g5 24. Ne1 Nxe1 25. Qxe1 Rfa8 26. Bc3 R8a6 27. Kh1 Bf6 28. Rc2 Kh8 29. g4 Qa7 30. Qf2 Qxf2 31. Rxf2 Bd8 32. Kg2 Bb6 33. Re2 Ra3 34. Bb2 Rd3 35. Rc1 Kg8 36. Bc3 Ra3 37. Rec2 Be3 38. Bb2 Bxc1 39. Bxc1 Rac3 40. Rb2 Rxc1 41. a4 bxa4 42. b5 Rb3 0-1

[Event "Athens of East Open 2019"]
[Site "Madurai"]
[Date "2019.08.12"]
[Round "7.5"]
[White "Sankaranarayanan.K"]
[Black "Rajat Yadav"]
[Result "0-1"]
[ECO "E73"]
[WhiteElo "1695"]
[BlackElo "1455"]
[Annotator "NA RC"]
[PlyCount "68"]
[EventDate "2019.08.10"]
[EventType "swiss"]
[EventCountry "IND"]
[SourceTitle "playchess.com"]
[Source "ChessBase"]
[SourceQuality "1"]
[TimeControl "3600+30"]

1. d4 Nf6 2. c4 d6 3. Nc3 g6 4. e4 Bg7 5. Be2 O-O 6. f4 e5 7. dxe5 dxe5 8. Qxd8 Rxd8 9. fxe5 Nfd7 10. Nd5 Bxe5 11. Nf3 Bd6 12. O-O c6 13. Nc3 Ne5 14. Bg5 Re8 15. Rad1 Nxf3+ 16. Rxf3 Bc5+ 17. Kh1 Be6 18. Rfd3 Na6 19. R3d2 Bb4 20. Rc2 Nc5 21. Rd4 f5 22. e5 Bf7 23. Nd1 Ne6 24. Be3 Nxd4 25. Bxd4 c5 26. Bf2 Rxe5 27. Bf3 Rd8 28. g3 b6 29. Kg2 Bd2 30. Kf1 Bh6 31. Nc3 Bxc4+ 32. Kg2 Rd2 33. Rxd2 Bxd2 34. Nb1 Ba5 0-1

[Event "Athens of East Open 2019"]
[Site "Madurai"]
[Date "2019.08.12"]
[Round "8.1"]
[White "Rajat Yadav"]
[Black "Ragesh Sarma.M"]
[Result "1-0"]
[ECO "A12"]
[WhiteElo "1455"]
[BlackElo "1583"]
[Annotator "NA"]
[PlyCount "65"]
[EventDate "2019.08.10"]
[EventType "swiss"]
[EventCountry "IND"]
[SourceTitle "playchess.com"]
[Source "ChessBase"]
[SourceQuality "1"]
[TimeControl "3600+30"]

1. Nf3 d5 2. c4 c6 3. b3 Bf5 4. Bb2 e6 5. e3 Nf6 6. Be2 Be7 7. O-O O-O 8. d4 Nbd7 9. Nc3 Qc7 10. Rc1 Rac8 11. Ne5 Qb8 12. g4 Bg6 13. g5 Nxe5 14. gxf6 Bxf6 15. dxe5 Qxe5 16. Bf3 dxc4 17. bxc4 Rfd8 18. Qb3 Qg5+ 19. Kh1 Qh4 20. Ne2 Be7 21. Ng3 f5 22. Be5 b6 23. c5 Bf7 24. cxb6 axb6 25. Qb2 Qh6 26. Rxc6 Rxc6 27. Bxc6 Bc5 28. Rg1 g5 29. Bf6 Rd6 30. Nxf5 exf5 31. Bxg5 Qg6 32. Bf6 Rxf6 33. Qxf6 1-0

[Event "Athens of East Open 2019"]
[Site "Madurai"]
[Date "2019.08.12"]
[Round "8.2"]
[White "Hiridik Rajendran"]
[Black "Adithya Ramesh"]
[Result "1/2-1/2"]
[ECO "B50"]
[WhiteElo "1565"]
[BlackElo "1579"]
[Annotator "NA"]
[PlyCount "129"]
[EventDate "2019.08.10"]
[EventType "swiss"]
[EventCountry "IND"]
[SourceTitle "playchess.com"]
[Source "ChessBase"]
[SourceQuality "1"]
[TimeControl "3600+30"]

1. e4 c5 2. Nf3 d6 3. Be2 Nf6 4. d3 g6 5. O-O Bg7 6. c3 O-O 7. h3 Nc6 8. Be3 a6 9. a4 Rb8 10. Nbd2 e5 11. d4 cxd4 12. cxd4 d5 13. Nxe5 Nxe5 14. dxe5 Nxe4 15. Bd4 Qe7 16. f4 Ng3 17. Rf3 Nxe2+ 18. Qxe2 Bd7 19. Qf2 Rfc8 20. Nb3 Bf8 21. Rc3 Rxc3 22. Bxc3 Rc8 23. a5 Qe8 24. Kh1 Rc4 25. Nd2 Rc8 26. Re1 Bc5 27. Bd4 Bxd4 28. Qxd4 Be6 29. Re3 Qb5 30. b4 Qc6 31. Nf3 Qc4 32. Rd3 Qxd4 33. Rxd4 Rc1+ 34. Kh2 Kf8 35. Nd2 Ke7 36. g4 Rc3 37. Kg2 Kd7 38. Ne4 Rc2+ 39. Kg3 Kc6 40. Nd6 Rc3+ 41. Kg2 f6 42. Ne8 fxe5 43. fxe5 Rc4 44. Rd2 Rxb4 45. Rf2 Re4 46. Rc2+ Rc4 47. Rb2 d4 48. Nf6 Bd5+ 49. Nxd5 Kxd5 50. Rxb7 Kxe5 51. Rb6 d3 52. Kf2 Kd4 53. Rd6+ Kc5 54. Rxa6 d2 55. Ke2 Rd4 56. Kd1 Kb5 57. Rf6 Kxa5 58. Rf2 Rd3 59. Rxd2 Rxh3 60. Ke1 Rh1+ 61. Ke2 Rh2+ 62. Ke3 Rxd2 63. Kxd2 Kb4 64. Ke3 Kc3 65. g5 1/2-1/2

[Event "Athens of East Open 2019"]
[Site "Madurai"]
[Date "2019.08.12"]
[Round "8.3"]
[White "Sasikumar, Anusweud"]
[Black "Abishek A"]
[Result "1/2-1/2"]
[ECO "A46"]
[WhiteElo "1886"]
[BlackElo "1693"]
[Annotator "NA"]
[PlyCount "97"]
[EventDate "2019.08.10"]
[EventType "swiss"]
[EventCountry "IND"]
[SourceTitle "playchess.com"]
[Source "ChessBase"]
[SourceQuality "1"]
[TimeControl "3600+30"]

1. d4 Nf6 2. Nf3 d5 3. g3 e6 4. Bg2 c5 5. c3 Nbd7 6. O-O Be7 7. Bf4 O-O 8. Nbd2 b6 9. Ne5 Nxe5 10. Bxe5 Bb7 11. h3 Nd7 12. Bf4 Bg5 13. Bxg5 Qxg5 14. Nf3 Qe7 15. e3 Rfd8 16. Qe2 f6 17. h4 e5 18. Rfe1 exd4 19. exd4 Qxe2 20. Rxe2 Re8 21. Rae1 Kf7 22. Bh3 Nf8 23. h5 Rxe2 24. Rxe2 g6 25. hxg6+ hxg6 26. Nh4 Bc8 27. Bg2 Be6 28. dxc5 bxc5 29. c4 Rd8 30. cxd5 Bxd5 31. Rd2 Ke6 32. Bh3+ Kd6 33. Ng2 Kc7 34. b3 Bf7 35. Rxd8 Kxd8 36. Ne3 Kc7 37. Ng4 Be6 38. f4 Bxg4 39. Bxg4 f5 40. Be2 Nh7 41. Bc4 g5 42. Bd3 gxf4 43. Bxf5 Nf6 44. gxf4 Nd5 45. Kf2 Nxf4 46. Ke3 Nd5+ 47. Kd3 Kb6 48. a3 Nc7 49. Bd7 1/2-1/2

[Event "Athens of East Open 2019"]
[Site "Madurai"]
[Date "2019.08.12"]
[Round "8.4"]
[White "Tiwari Shivansh"]
[Black "Gyana Sai Santhosh M"]
[Result "1-0"]
[ECO "D00"]
[WhiteElo "1593"]
[BlackElo "1369"]
[Annotator "NA"]
[PlyCount "55"]
[EventDate "2019.08.10"]
[EventType "swiss"]
[EventCountry "IND"]
[SourceTitle "playchess.com"]
[Source "ChessBase"]
[SourceQuality "1"]
[TimeControl "3600+30"]

1. d4 d5 2. Bf4 Nf6 3. e3 e6 4. Nf3 c5 5. c3 Nc6 6. Nbd2 Bd6 7. Bg3 O-O 8. Bd3 Re8 9. Ne5 Bxe5 10. dxe5 Nd7 11. f4 c4 12. Bc2 Qb6 13. Bf2 Qxb2 14. Rc1 Qa3 15. Bb1 Qe7 16. Qh5 g6 17. Qf3 f5 18. h4 h5 19. Qg3 Qg7 20. Qg5 Nd8 21. O-O Nf7 22. Qg3 b5 23. e4 fxe4 24. Nxe4 dxe4 25. Bxe4 Ba6 26. Bxa8 Rxa8 27. Qf3 Nb6 28. Bxb6 1-0

[Event "Athens of East Open 2019"]
[Site "Madurai"]
[Date "2019.08.12"]
[Round "8.5"]
[White "Siddik Akbar"]
[Black "Ravi Chopra"]
[Result "0-1"]
[ECO "B35"]
[WhiteElo "1395"]
[BlackElo "1634"]
[Annotator "NA"]
[PlyCount "25"]
[EventDate "2019.08.10"]
[EventType "swiss"]
[EventCountry "IND"]
[SourceTitle "playchess.com"]
[Source "ChessBase"]
[SourceQuality "1"]
[TimeControl "3600+30"]

1. e4 c5 2. Nf3 Nc6 3. d4 cxd4 4. Nxd4 Nf6 5. Nc3 g6 6. Be3 Bg7 7. Bc4 O-O 8. Bb3 e6 9. Ndb5 d5 10. Bc5 Ne7 11. O-O Bd7 12. e5 Ne8 13. f4 0-1

[Event "Athens of East Open 2019"]
[Site "Madurai"]
[Date "2019.08.12"]
[Round "9.1"]
[White "Tiwari Shivansh"]
[Black "Rajat Yadav"]
[Result "1/2-1/2"]
[ECO "A45"]
[WhiteElo "1593"]
[BlackElo "1455"]
[Annotator "NA RC"]
[PlyCount "120"]
[EventDate "2019.08.10"]
[EventType "swiss"]
[EventCountry "IND"]
[SourceTitle "playchess.com"]
[Source "ChessBase"]
[SourceQuality "1"]
[TimeControl "3600+30"]

1. d4 Nf6 2. Bf4 d5 3. e3 e6 4. Nf3 c5 5. c3 Nc6 6. Nbd2 Be7 7. Ne5 O-O 8. Bd3 Nd7 9. h4 cxd4 10. exd4 Ndxe5 11. dxe5 f5 12. exf6 Bxf6 13. Qc2 h6 14. Bg3 e5 15. O-O-O e4 16. Bb5 Qa5 17. Qb3 Kh8 18. Qxd5 Ne7 19. Qb3 a6 20. Be2 Bf5 21. Nc4 Qc5 22. Ne3 Bh7 23. Qc4 Qa5 24. Qb3 b5 25. Bd6 Rfc8 26. Kb1 Nc6 27. Bg4 Bg8 28. Qa3 Qxa3 29. Bxa3 Rd8 30. Bf5 Bh7 31. Bxh7 Kxh7 32. Kc2 Ne5 33. Nd5 Nd3 34. Nxf6+ gxf6 35. Rd2 f5 36. g3 a5 37. Be7 Re8 38. Bf6 b4 39. Bd4 a4 40. cxb4 Nxb4+ 41. Kb1 Nd3 42. Rc2 Rac8 43. Rxc8 Rxc8 44. a3 Kg6 45. Rd1 Rc4 46. Be3 f4 47. gxf4 Kf5 48. f3 Nxf4 49. Bxf4 Kxf4 50. fxe4 Rxe4 51. Rd6 h5 52. Rb6 Kg3 53. Rb4 Rxh4 54. Rxh4 Kxh4 55. b4 Kg4 56. b5 h4 57. b6 h3 58. b7 h2 59. b8=Q h1=Q+ 60. Kc2 Qg2+ 1/2-1/2

[Event "Athens of East Open 2019"]
[Site "Madurai"]
[Date "2019.08.12"]
[Round "9.2"]
[White "Ravi Chopra"]
[Black "Hiridik Rajendran"]
[Result "1-0"]
[ECO "B38"]
[WhiteElo "1634"]
[BlackElo "1565"]
[Annotator "NA RC"]
[PlyCount "131"]
[EventDate "2019.08.10"]
[EventType "swiss"]
[EventCountry "IND"]
[SourceTitle "playchess.com"]
[Source "ChessBase"]
[SourceQuality "1"]
[TimeControl "3600+30"]

1. e4 c5 2. Nf3 Nc6 3. d4 cxd4 4. Nxd4 g6 5. c4 Bg7 6. Be3 Nf6 7. Nc3 O-O 8. Be2 a6 9. O-O d6 10. f4 e6 11. Qd2 Qc7 12. Rad1 Rd8 13. Nxc6 Qxc6 14. e5 Ne8 15. c5 d5 16. Bd4 Bd7 17. b3 Qc7 18. Na4 Bxa4 19. bxa4 Bf8 20. Rc1 Rdc8 21. g4 Qd7 22. Qc2 Rc6 23. Rf3 Rac8 24. Rc3 Qd8 25. Qb2 R8c7 26. Kg2 Qc8 27. Bb5 axb5 28. axb5 Rxc5 29. Bxc5 Bxc5 30. Qc2 b6 31. Qe2 Qa8 32. Rf3 Ra7 33. Rc2 d4 34. Kg3 Ra3 35. Rxa3 Qxa3+ 36. Qf3 Qxf3+ 37. Kxf3 Nc7 38. a4 Kf8 39. a5 Ke7 40. axb6 Bxb6 41. Rc6 Nd5 42. Ke4 Kd7 43. f5 gxf5+ 44. gxf5 Ba7 45. Rd6+ Ke7 46. Ra6 Bb6 47. f6+ Kd7 48. Ra8 Nc3+ 49. Kd3 Nxb5 50. Rf8 Kc6 51. Rxf7 Bc5 52. Rxh7 Kd5 53. f7 Be7 54. Rh8 Kxe5 55. Rh5+ Kf6 56. Rxb5 Kxf7 57. Kxd4 Bf6+ 58. Ke4 Kg6 59. Kf3 Kf7 60. Kg4 Be7 61. h4 Bf6 62. h5 Bg7 63. Kg5 Bf6+ 64. Kh6 e5 65. Rb7+ Ke6 66. Kg6 1-0

[Event "Athens of East Open 2019"]
[Site "Madurai"]
[Date "2019.08.12"]
[Round "9.3"]
[White "Adithya Ramesh"]
[Black "Sasikumar, Anusweud"]
[Result "1-0"]
[ECO "B00"]
[WhiteElo "1579"]
[BlackElo "1886"]
[Annotator "NA RC"]
[PlyCount "59"]
[EventDate "2019.08.10"]
[EventType "swiss"]
[EventCountry "IND"]
[SourceTitle "playchess.com"]
[Source "ChessBase"]
[SourceQuality "1"]
[TimeControl "3600+30"]

1. e4 Nc6 2. Nf3 g6 3. d4 Bg7 4. c4 d6 5. h3 (5. d5 Ne5 6. Nxe5 Bxe5 7. Nc3 Bg7 8. Bd3 e5 9. Be3 Nf6 10. f3 Nd7 11. Qd2 a5 12. g4 Nc5 13. O-O-O Nxd3+ 14. Qxd3 b6 15. h4 h5 {0-1 (43) Parligras,M (2645)-Istratescu,A (2565) Bucharest 2018}) 5... e5 6. dxe5 {[%emt 0:01:15] A40: Unusual replies to 1 d4} dxe5 7. Qxd8+ Nxd8 8. Nc3 c6 9. Be3 Ne7 $146 ({Predecessor:} 9... Ne6 10. O-O-O Ne7 11. g4 O-O 12. g5 b6 13. h4 Rd8 14. Rxd8+ Nxd8 15. Bh3 Bxh3 16. Rxh3 {½-½ (23) Balhar,M (1642)-Hofmann,B (1732) Germany 2005}) 10. O-O-O f5 11. Bc5 b6 12. Ba3 Ne6 13. Bd6 fxe4 14. Nxe5 Nf5 15. Nxe4 Bxe5 $4 (15... c5 $16) 16. Bxe5 O-O 17. Nf6+ Kf7 18. Nxh7 Re8 $18 19. Nf6 Re7 20. Ne4 c5 21. g4 Nfd4 22. Nd6+ Kg8 23. Bg2 Rb8 24. Nf5 gxf5 25. Bxb8 f4 26. Bd5 Bb7 27. Rhe1 Bc8 28. Bxf4 Kg7 29. Be5+ Kg6 30. Bxd4 1-0

[Event "Athens of East Open 2019"]
[Site "Madurai"]
[Date "2019.08.12"]
[Round "9.4"]
[White "Ragesh Sarma.M"]
[Black "Shreyas Seshadri Nallore"]
[Result "1-0"]
[ECO "A45"]
[WhiteElo "1583"]
[BlackElo "1396"]
[Annotator "NA RC"]
[PlyCount "99"]
[EventDate "2019.08.10"]
[EventType "swiss"]
[EventCountry "IND"]
[SourceTitle "playchess.com"]
[Source "ChessBase"]
[SourceQuality "1"]
[TimeControl "3600+30"]

1. d4 Nf6 2. Bg5 e6 3. e3 d5 4. Nf3 c5 5. c3 Nc6 6. Bd3 Be7 7. Nbd2 Bd7 8. O-O O-O 9. Rc1 cxd4 10. cxd4 h6 11. Bh4 Re8 12. Bb1 Nh7 13. Bg3 Rc8 14. Qe2 Bf6 15. Nb3 Nf8 16. Nc5 b6 17. Nb7 Qc7 18. Bxc7 Rxc7 19. Nd6 Rd8 20. Nb5 Rb7 21. Nd6 Rbb8 22. e4 Nxd4 23. Nxd4 Bxd4 24. exd5 exd5 25. Nf5 Bf6 26. Ne7+ Kh8 27. Nxd5 Re8 28. Qd2 Bd8 29. Rfe1 Be6 30. Nc7 Bg5 31. f4 Red8 32. Qf2 Bf6 33. Nxe6 Nxe6 34. Kh1 Bd4 35. Qc2 Nf8 36. Rcd1 Rdc8 37. Qb3 Bf2 38. Re2 Bc5 39. Qxf7 Rd8 40. Rxd8 Rxd8 41. Bc2 Rd7 42. Qf5 g6 43. Qf6+ Kh7 44. g3 Rg7 45. f5 gxf5 46. Bxf5+ Ng6 47. Re8 Bf8 48. Rxf8 a6 49. Bxg6+ Rxg6 50. Qh8# 1-0

[Event "Athens of East Open 2019"]
[Site "Madurai"]
[Date "2019.08.13"]
[Round "10.1"]
[White "Rajat Yadav"]
[Black "Ravi Chopra"]
[Result "1-0"]
[ECO "A04"]
[WhiteElo "1455"]
[BlackElo "1634"]
[Annotator "NA RC"]
[PlyCount "72"]
[EventDate "2019.08.10"]
[EventType "swiss"]
[EventCountry "IND"]
[SourceTitle "playchess.com"]
[Source "ChessBase"]
[SourceQuality "1"]
[TimeControl "3600+30"]

1. Nf3 c5 2. d4 cxd4 3. Nxd4 Nf6 4. e3 Nc6 5. Be2 e5 6. Nf5 d5 7. Ng3 Be6 8. O-O Bd6 9. b3 O-O 10. Bb2 Rc8 11. Nd2 a6 12. c4 Bb4 13. cxd5 Bxd5 14. Nf3 Re8 15. Qb1 Bf8 16. e4 Be6 17. Nxe5 Nxe5 18. Bxe5 Bd7 19. Qb2 Ng4 20. Bd4 Qh4 21. h3 Nf6 22. Bf3 Nxe4 23. Bxe4 Rxe4 24. Nxe4 Qxe4 25. Rac1 Re8 26. Qc3 Bc6 27. f3 Qf4 28. Bc5 Qg3 29. Bxf8 Rxf8 30. Rfe1 Bd7 31. Qc7 Qxc7 32. Rxc7 Bc6 33. Ree7 g6 34. a4 Kg7 35. Kf2 h5 36. Ke3 g5 1-0